St.Louis Blues vs Tampa Bay Lightning
(R2)
Created - Sunday, August 10, 2025 at 09:14
Goals
|
| St.Louis Blues |
0 |
2 |
1 |
3 |
| Tampa Bay Lightning |
0 |
1 |
0 |
1 |
|
Shots
|
| St.Louis Blues |
8 |
15 |
13 |
36 |
| Tampa Bay Lightning |
10 |
12 |
9 |
31 |
|
1st period
No Goal
Penalties :
Mark Stone (STL) for Tripping (Minor) at 12:37, Michael Matheson (TBL) for Holding (Minor) at 17:26
2nd period
1. Tampa Bay Lightning , Travis Konecny 3 (Roope Hintz 5, Filip Forsberg 2) at 4:09
2. St.Louis Blues , Jake Guentzel 3 (Jack Eichel 1, Jake Sanderson 2) at 6:22 (PP)
3. St.Louis Blues , Vincent Trocheck 3 (Mikhail Sergachev 2, Elias Pettersson 2) at 10:19
Penalties :
Ben Chiarot (TBL) for Tripping (Minor) at 6:13
3rd period
4. St.Louis Blues , Vincent Trocheck 4 (Logan O'Connor 1, Isac Lundestrom 2) at 19:13 (Empty Net)
Penalties :
Michael Matheson (TBL) for Hooking (Minor) at 8:14, Claude Giroux (TBL) for Goalie Interference (Minor) at 15:05
Goalie Stats
Connor Hellebuyck (STL), 30 saves from 31 shots - (0.968), W, 2-1-1, 60:00 minutes
Darcy Kuemper (TBL), 33 saves from 35 shots - (0.943), L, 2-2-0, 59:17 minutes
Players Stats for St.Louis Blues
Player Name G A P +/- PIM S H SB GA TA FO MP PP MP PK MP
------------------------------------------------------------------------------------
Adam Pelech 0 0 0 0 0 0 0 0 0 1 0/0 11:56 0:00 0:00
Alex Tuch 0 0 0 -1 0 3 2 0 0 0 3/4 19:05 2:22 0:00
Brandon Hagel 0 0 0 -1 0 1 0 1 1 1 0/1 18:44 2:22 0:00
Brayden Point 0 0 0 0 0 5 0 0 1 0 0/0 19:25 3:44 0:00
Colton Parayko 0 0 0 -1 0 1 0 1 0 1 0/0 18:30 0:00 1:03
Connor Clifton 0 0 0 0 0 0 2 0 0 0 0/0 13:17 0:00 0:56
Elias Pettersson 0 1 1 1 0 2 1 0 0 0 0/3 11:34 0:00 0:00
Isac Lundestrom 0 1 1 1 0 2 1 1 1 0 0/0 9:37 0:00 1:01
Jaccob Slavin 0 0 0 0 0 1 0 3 0 0 0/0 19:34 0:00 1:03
Jack Eichel 0 1 1 -1 0 5 0 1 1 0 7/17 21:11 3:58 0:13
Jake Guentzel 1 0 1 0 0 2 2 1 0 0 0/1 19:25 3:44 0:00
Jake Sanderson 0 1 1 2 0 2 2 1 0 0 0/0 26:16 3:58 0:56
Logan O'Connor 0 1 1 1 0 1 0 1 0 0 0/0 9:20 0:00 0:55
Luke Glendening 0 0 0 0 0 1 0 0 0 1 0/2 8:45 0:00 0:55
Mark Stone 0 0 0 1 2 2 0 0 0 0 0/0 13:43 2:08 0:00
Mikhail Sergachev 0 1 1 1 0 0 1 2 0 0 0/0 23:27 2:08 0:00
Robert Thomas 0 0 0 0 0 4 1 0 1 0 8/22 19:25 3:44 0:00
Vincent Trocheck 2 0 2 2 0 4 1 0 0 0 9/14 14:46 2:22 0:54
Players Stats for Tampa Bay Lightning
Player Name G A P +/- PIM S H SB GA TA FO MP PP MP PK MP
------------------------------------------------------------------------------------
Anze Kopitar 0 0 0 -1 0 3 0 1 0 0 12/24 19:43 1:01 2:42
Ben Chiarot 0 0 0 1 2 2 2 0 0 4 0/0 22:17 0:00 3:21
Claude Giroux 0 0 0 -1 2 4 2 0 1 0 11/19 19:22 0:56 2:08
Darnell Nurse 0 0 0 -1 0 0 3 0 0 0 0/0 19:20 0:43 1:47
Dmitry Orlov 0 0 0 0 0 3 1 2 0 0 0/0 18:21 0:43 0:23
Dylan Cozens 0 0 0 1 0 0 2 0 0 0 0/0 13:16 0:00 0:00
Filip Forsberg 0 1 1 -2 0 1 3 1 0 0 0/0 16:43 0:58 0:00
Gustav Nyquist 0 0 0 0 0 0 0 0 0 0 0/0 6:47 0:00 0:28
Hampus Lindholm 0 0 0 0 0 0 1 2 0 0 0/0 18:15 0:00 2:45
Jamie Benn 0 0 0 0 0 1 1 1 0 0 1/1 15:45 0:00 0:00
Jason Dickinson 0 0 0 0 0 0 0 0 0 0 2/3 9:31 0:00 2:32
Jonathan Huberdeau 0 0 0 -1 0 3 3 1 0 0 1/1 15:26 0:05 0:00
Kirill Kaprizov 0 0 0 -1 0 6 0 0 1 1 0/0 17:17 0:58 0:09
Michael Matheson 0 0 0 0 4 1 3 0 0 0 0/0 21:17 1:16 1:11
Moritz Seider 0 0 0 -2 0 1 1 3 0 0 0/0 21:07 1:16 2:45
Roope Hintz 0 1 1 1 0 3 1 1 0 0 9/15 14:14 0:58 0:00
Travis Konecny 1 0 1 1 0 3 0 0 0 0 1/1 15:31 0:58 1:07
Trevor Moore 0 0 0 0 0 0 1 0 2 0 0/0 9:38 0:03 3:06
3 Stars
1 - Vincent Trocheck (STL)
2 - Connor Hellebuyck (STL)
3 - Jake Guentzel (STL)
Power Play
St.Louis Blues - 1 on 4 Attempt(s) - 25.00%
Tampa Bay Lightning - 0 on 1 Attempt(s) - 0.00%
Penalty Kill
St.Louis Blues - 1 on 1 Attempt(s) - 100.00%
- Score 0 goal in Penalty Kill
Tampa Bay Lightning - 3 on 4 Attempt(s) - 75.00%
- Score 0 goal in Penalty Kill
Team Stat
St.Louis Blues - Hits : 13 - Faceoff Wins : 27 - Blocked Shots : 12 - Penalty Minutes : 2
Tampa Bay Lightning - Hits : 24 - Faceoff Wins : 37 - Blocked Shots : 12 - Penalty Minutes : 8
Official
Referees : Dan O'Rourke and Francis Charron
Linesman : David Brisebois and Bryan Pancich
Game Notes
Vincent Trocheck has scored in a empty net!
Finance
Level 1 -- Attendance: 5355 (89.25%) -- Ticket Income $508,725
Level 2 -- Attendance: 4724 (94.48%) -- Ticket Income $259,820
Level 3 -- Attendance: 3000 (100.00%) -- Ticket Income $96,000
Level 4 -- Attendance: 4803 (96.06%) -- Ticket Income $105,666
Luxury Box -- Attendance: 983 (98.30%) -- Ticket Income $189,719
Game was played at the Tampa Bay Times Forum.
Total Attendance: 18865 (94.33%)
Total Ticket Income: $1,159,930
Other Income: $405,976
Total Income: $1,565,906
St.Louis Blues
5 vs 5 Forward
Center Left Wing Right Wing Time % Phy DF OF
1 Jack Eichel Brandon Hagel Alex Tuch 35 0 2 3
2 Robert Thomas Jake Guentzel Brayden Point 35 0 2 3
3 Vincent Trocheck Elias Pettersson Mark Stone 25 1 2 2
4 Luke Glendening Isac Lundestrom Logan O'Connor 5 1 3 1
5 vs 5 Defense
Defense Defense Time % Phy DF OF
1 Jake Sanderson Mikhail Sergachev 45 1 2 2
2 Jaccob Slavin Colton Parayko 35 0 3 2
3 Adam Pelech Connor Clifton 20 1 3 1
4 Jake Sanderson Mikhail Sergachev 0 1 2 2
PowerPlay Forward
Center Left Wing Right Wing Time % Phy DF OF
1 Robert Thomas Jake Guentzel Brayden Point 60 1 0 4
2 Vincent Trocheck Brandon Hagel Alex Tuch 40 1 0 4
PowerPlay Defense
Defense Defense Time % Phy DF OF
1 Jack Eichel Jake Sanderson 60 0 1 4
2 Mark Stone Mikhail Sergachev 40 0 1 4
Penalty Kill 4 Players Forward
Center Wing Time % Phy DF OF
1 Vincent Trocheck Isac Lundestrom 50 2 3 0
2 Luke Glendening Logan O'Connor 50 1 4 0
Penalty Kill 4 Players Defense
Defense Defense Time % Phy DF OF
1 Jaccob Slavin Colton Parayko 50 1 4 0
2 Jake Sanderson Connor Clifton 50 1 4 0
Penalty Kill - 3 Players Forward
Forward Time % Phy DF OF
1 Vincent Trocheck 50 0 5 0
2 Luke Glendening 50 0 5 0
Penalty Kill - 3 Players Defense
Defense Defense Time % Phy DF OF
1 Jaccob Slavin Colton Parayko 50 0 5 0
2 Jake Sanderson Connor Clifton 50 0 5 0
4 vs 4 Forward
Center Wing Time % Phy DF OF
1 Jack Eichel Brayden Point 50 0 2 3
2 Robert Thomas Jake Guentzel 50 0 2 3
4 vs 4 Defense
Defense Defense Time % Phy DF OF
1 Jake Sanderson Mikhail Sergachev 50 0 3 2
2 Colton Parayko Jaccob Slavin 50 0 3 2
Last Minutes Offensive
Center Left Wing Right Wing Defense Defense
Robert Thomas Jack Eichel Brayden Point Jake Sanderson Jake Guentzel
Last Minutes Defensive
Center Left Wing Right Wing Defense Defense
Vincent Trocheck Isac Lundestrom Logan O'Connor Jake Sanderson Jaccob Slavin
Goaltenders
Starting : Connor Hellebuyck
Backup : Scott Wedgewood
Extra Forwards
Normal : Brandon Hagel, Jake Guentzel, Alex Tuch - PP : Vincent Trocheck, Brayden Point - PK : Jack Eichel
Extra Defensemen
Normal : Jake Sanderson, Mikhail Sergachev, Colton Parayko - PP : Jake Sanderson - PK : Jaccob Slavin, Jake Sanderson
Penalty Shots
Vincent Trocheck, Jack Eichel, Brayden Point, Jake Guentzel, Brandon Hagel
Scratches
Artem Zub (Healthy), Yanni Gourde (Healthy), Joona Koppanen (Healthy)
Tampa Bay Lightning
5 vs 5 Forward
Center Left Wing Right Wing Time % Phy DF OF
1 Roope Hintz Travis Konecny Dylan Cozens 30 1 2 2
2 Anze Kopitar Filip Forsberg Jonathan Huberdeau 30 1 2 2
3 Claude Giroux Jamie Benn Kirill Kaprizov 30 1 2 2
4 Jason Dickinson Trevor Moore Gustav Nyquist 10 1 2 2
5 vs 5 Defense
Defense Defense Time % Phy DF OF
1 Moritz Seider Darnell Nurse 35 1 2 2
2 Michael Matheson Ben Chiarot 35 1 2 2
3 Dmitry Orlov Hampus Lindholm 30 1 2 2
4 Moritz Seider Michael Matheson 0 1 2 2
PowerPlay Forward
Center Left Wing Right Wing Time % Phy DF OF
1 Claude Giroux Kirill Kaprizov Filip Forsberg 50 1 2 2
2 Anze Kopitar Travis Konecny Roope Hintz 50 1 2 2
PowerPlay Defense
Defense Defense Time % Phy DF OF
1 Michael Matheson Moritz Seider 50 1 2 2
2 Dmitry Orlov Darnell Nurse 50 1 2 2
Penalty Kill 4 Players Forward
Center Wing Time % Phy DF OF
1 Anze Kopitar Jason Dickinson 50 1 2 2
2 Claude Giroux Trevor Moore 50 1 2 2
Penalty Kill 4 Players Defense
Defense Defense Time % Phy DF OF
1 Michael Matheson Ben Chiarot 50 1 2 2
2 Moritz Seider Hampus Lindholm 50 1 2 2
Penalty Kill - 3 Players Forward
Forward Time % Phy DF OF
1 Anze Kopitar 50 1 2 2
2 Claude Giroux 50 1 2 2
Penalty Kill - 3 Players Defense
Defense Defense Time % Phy DF OF
1 Michael Matheson Ben Chiarot 50 1 2 2
2 Moritz Seider Hampus Lindholm 50 1 2 2
4 vs 4 Forward
Center Wing Time % Phy DF OF
1 Claude Giroux Travis Konecny 50 1 2 2
2 Anze Kopitar Filip Forsberg 50 1 2 2
4 vs 4 Defense
Defense Defense Time % Phy DF OF
1 Michael Matheson Ben Chiarot 50 1 2 2
2 Moritz Seider Darnell Nurse 50 1 2 2
Last Minutes Offensive
Center Left Wing Right Wing Defense Defense
Claude Giroux Kirill Kaprizov Filip Forsberg Michael Matheson Moritz Seider
Last Minutes Defensive
Center Left Wing Right Wing Defense Defense
Anze Kopitar Travis Konecny Jason Dickinson Michael Matheson Moritz Seider
Goaltenders
Starting : Darcy Kuemper
Backup : Jeremy Swayman
Extra Forwards
Normal : Anze Kopitar, Roope Hintz, Claude Giroux - PP : Jonathan Huberdeau, Trevor Moore - PK : Travis Konecny
Extra Defensemen
Normal : Michael Matheson, Moritz Seider, Hampus Lindholm - PP : Hampus Lindholm - PK : Darnell Nurse, Dmitry Orlov
Penalty Shots
Trevor Moore, Filip Forsberg, Kirill Kaprizov, Gustav Nyquist, Jonathan Huberdeau
Scratches
None
% Time on Ice - St.Louis Blues
Lines # - Real PCT - Wanted PCT - Time Play
Normal Forward
1 - 32% - 35% - 16:23
2 - 32% - 35% - 16:16
3 - 21% - 25% - 11:02
4 - 15% - 5% - 7:50
Normal Defense
1 - 41% - 45% - 21:13
2 - 36% - 35% - 18:22
3 - 23% - 20% - 11:56
4 - 0% - 0% - 0:00
PP Forward
1 - 61% - 60% - 3:44
2 - 39% - 40% - 2:22
PP Defense
1 - 65% - 60% - 3:58
2 - 35% - 40% - 2:08
PK Forward
1 - 54% - 50% - 1:04
2 - 46% - 50% - 0:55
PK Defense
1 - 53% - 50% - 1:03
2 - 47% - 50% - 0:56
PK3 Forward
1 - 0% - 50%
2 - 0% - 50%
PK3 Defense
1 - 0% - 50%
2 - 0% - 50%
44 Forward
1 - 0% - 50%
2 - 0% - 50%
44 Defense
1 - 0% - 50%
2 - 0% - 50%
Last Minute Offensive - 0:00
Last Minute Defensive - 0:24
Total
Forward - 60:00
Defense - 60:00
|
% Time on Ice - Tampa Bay Lightning
Lines # - Real PCT - Wanted PCT - Time Play
Normal Forward
1 - 27% - 30% - 13:57
2 - 30% - 30% - 15:30
3 - 31% - 30% - 15:45
4 - 12% - 10% - 6:19
Normal Defense
1 - 35% - 35% - 17:58
2 - 35% - 35% - 17:49
3 - 30% - 30% - 15:13
4 - 1% - 0% - 0:31
PP Forward
1 - 49% - 50% - 0:58
2 - 51% - 50% - 1:01
PP Defense
1 - 64% - 50% - 1:16
2 - 36% - 50% - 0:43
PK Forward
1 - 42% - 50% - 2:32
2 - 58% - 50% - 3:34
PK Defense
1 - 55% - 50% - 3:21
2 - 45% - 50% - 2:45
PK3 Forward
1 - 0% - 50%
2 - 0% - 50%
PK3 Defense
1 - 0% - 50%
2 - 0% - 50%
44 Forward
1 - 0% - 50%
2 - 0% - 50%
44 Defense
1 - 0% - 50%
2 - 0% - 50%
Last Minute Offensive - 0:24
Last Minute Defensive - 0:00
Total
Forward - 60:00
Defense - 60:00
|
Play-by-Play
1st period
0:01 of 1st period - Jack Eichel wins face-off versus Roope Hintz in neutral zone.
0:12 of 1st period - Jake Sanderson is hit by Darnell Nurse and loses puck.
0:35 of 1st period - Snap shot by Jonathan Huberdeau.
0:35 of 1st period - Stopped by Connor Hellebuyck without a rebound.
0:36 of 1st period - Vincent Trocheck wins face-off versus Claude Giroux in St.Louis Blues zone.
0:36 of 1st period - Vincent Trocheck is hit by Ben Chiarot.
0:46 of 1st period - Wrist shot by Mark Stone.
0:46 of 1st period - Stopped by Darcy Kuemper without a rebound.
0:47 of 1st period - Jason Dickinson wins face-off versus Robert Thomas in Tampa Bay Lightning zone.
0:58 of 1st period - Wrist shot by Brayden Point.
0:58 of 1st period - Shot Blocked by Hampus Lindholm.
1:50 of 1st period - Off-side.
1:51 of 1st period - Roope Hintz wins face-off versus Luke Glendening in neutral zone.
1:54 of 1st period - Slapshot by Roope Hintz.
1:54 of 1st period - Stopped by Connor Hellebuyck without a rebound.
1:55 of 1st period - Roope Hintz wins face-off versus Luke Glendening in St.Louis Blues zone.
2:51 of 1st period - Wrist shot by Brayden Point.
2:51 of 1st period - Shot Blocked by Jamie Benn.
2:53 of 1st period - Slapshot by Jake Guentzel.
2:53 of 1st period - Deflect By Brayden Point.
2:53 of 1st period - Stopped by Darcy Kuemper without a rebound.
2:54 of 1st period - Roope Hintz wins face-off versus Jack Eichel in Tampa Bay Lightning zone.
3:34 of 1st period - Slapshot by Kirill Kaprizov.
3:34 of 1st period - Shot Misses the Net.
3:36 of 1st period - Wrist shot by Jamie Benn.
3:36 of 1st period - Shot Misses the Net.
3:58 of 1st period - Snap shot by Elias Pettersson.
3:58 of 1st period - Shot Blocked by Moritz Seider.
4:20 of 1st period - Wrist shot by Trevor Moore.
4:20 of 1st period - Shot Hit the Post.
4:36 of 1st period - Dmitry Orlov is hit by Connor Clifton and loses puck.
4:59 of 1st period - Wrist shot by Claude Giroux.
4:59 of 1st period - Shot Blocked by Isac Lundestrom.
5:01 of 1st period - Slapshot by Ben Chiarot.
5:01 of 1st period - Stopped by Connor Hellebuyck without a rebound.
5:02 of 1st period - Robert Thomas wins face-off versus Anze Kopitar in St.Louis Blues zone.
5:12 of 1st period - Slapshot by Mikhail Sergachev.
5:12 of 1st period - Shot Misses the Net.
5:14 of 1st period - Slapshot by Jake Sanderson.
5:14 of 1st period - Shot Blocked by Anze Kopitar.
5:25 of 1st period - Icing by Jonathan Huberdeau.
5:26 of 1st period - Vincent Trocheck wins face-off versus Claude Giroux in Tampa Bay Lightning zone.
6:11 of 1st period - Icing by Colton Parayko.
6:12 of 1st period - Robert Thomas wins face-off versus Anze Kopitar in St.Louis Blues zone.
6:21 of 1st period - Jaccob Slavin is hit by Darnell Nurse.
7:03 of 1st period - Roope Hintz is hit by Jake Sanderson and loses puck.
7:10 of 1st period - Snap shot by Elias Pettersson.
7:10 of 1st period - Shot Misses the Net.
7:26 of 1st period - Snap shot by Gustav Nyquist.
7:26 of 1st period - Shot Misses the Net.
7:42 of 1st period - Wrist shot by Kirill Kaprizov.
7:42 of 1st period - Stopped by Connor Hellebuyck with a rebound.
7:44 of 1st period - Wrist shot by Jamie Benn.
7:44 of 1st period - Shot Misses the Net.
7:46 of 1st period - Slapshot by Dmitry Orlov.
7:46 of 1st period - Stopped by Connor Hellebuyck with a rebound.
7:50 of 1st period - Snap shot by Claude Giroux.
7:50 of 1st period - Stopped by Connor Hellebuyck without a rebound.
7:51 of 1st period - Anze Kopitar wins face-off versus Robert Thomas in St.Louis Blues zone.
8:06 of 1st period - Mikhail Sergachev is hit by Filip Forsberg and loses puck.
8:21 of 1st period - Wrist shot by Elias Pettersson.
8:21 of 1st period - Shot Misses the Net.
8:26 of 1st period - Off-side.
8:27 of 1st period - Alex Tuch wins face-off versus Roope Hintz in neutral zone.
8:54 of 1st period - Robert Thomas is hit by Trevor Moore and loses puck.
9:03 of 1st period - Snap shot by Jason Dickinson.
9:03 of 1st period - Shot Blocked by Jake Guentzel.
9:05 of 1st period - Snap shot by Jason Dickinson.
9:05 of 1st period - Shot Misses the Net.
9:07 of 1st period - Snap shot by Gustav Nyquist.
9:07 of 1st period - Shot Misses the Net.
9:19 of 1st period - Vincent Trocheck is hit by Jamie Benn and loses puck.
9:46 of 1st period - Snap shot by Anze Kopitar.
9:46 of 1st period - Stopped by Connor Hellebuyck without a rebound.
9:47 of 1st period - Jack Eichel wins face-off versus Roope Hintz in St.Louis Blues zone.
10:16 of 1st period - Wrist shot by Robert Thomas.
10:16 of 1st period - Stopped by Darcy Kuemper without a rebound.
10:17 of 1st period - Claude Giroux wins face-off versus Jake Guentzel in Tampa Bay Lightning zone.
11:00 of 1st period - Wrist shot by Kirill Kaprizov.
11:00 of 1st period - Shot Misses the Net.
11:08 of 1st period - Adam Pelech is hit by Hampus Lindholm and loses puck.
11:26 of 1st period - Adam Pelech is hit by Claude Giroux and loses puck.
11:41 of 1st period - Snap shot by Robert Thomas.
11:41 of 1st period - Deflect By Jake Guentzel.
11:41 of 1st period - Shot Misses the Net.
11:41 of 1st period - Puck is out of play.
11:42 of 1st period - Roope Hintz wins face-off versus Jack Eichel in Tampa Bay Lightning zone.
11:55 of 1st period - Jack Eichel is hit by Darnell Nurse.
12:05 of 1st period - Roope Hintz is hit by Alex Tuch and loses puck.
12:18 of 1st period - Slapshot by Moritz Seider.
12:18 of 1st period - Stopped by Connor Hellebuyck with a rebound.
12:20 of 1st period - Wrist shot by Dylan Cozens.
12:20 of 1st period - Shot Blocked by Mikhail Sergachev.
12:22 of 1st period - Slapshot by Moritz Seider.
12:22 of 1st period - Shot Blocked by Jake Sanderson.
12:24 of 1st period - Slapshot by Moritz Seider.
12:24 of 1st period - Shot Misses the Net.
12:26 of 1st period - Snap shot by Darnell Nurse.
12:26 of 1st period - Shot Blocked by Jack Eichel.
12:28 of 1st period - Slapshot by Roope Hintz.
12:28 of 1st period - Shot Misses the Net.
12:30 of 1st period - Wrist shot by Travis Konecny.
12:30 of 1st period - Deflect By Jake Sanderson.
12:30 of 1st period - Shot Misses the Net.
12:30 of 1st period - Puck is out of play.
12:31 of 1st period - Anze Kopitar wins face-off versus Elias Pettersson in St.Louis Blues zone.
12:37 of 1st period - Minor Penalty to Mark Stone for Tripping.
12:38 of 1st period - Vincent Trocheck wins face-off versus Anze Kopitar in St.Louis Blues zone.
12:50 of 1st period - Wrist shot by Roope Hintz.
12:50 of 1st period - Shot Misses the Net.
13:53 of 1st period - Jaccob Slavin is hit by Roope Hintz and loses puck.
14:37 of 1st period - Penalty to Mark Stone is over, Mark Stone is back on ice.
15:08 of 1st period - Wrist shot by Jack Eichel.
15:08 of 1st period - Shot Misses the Net.
15:45 of 1st period - Off-side.
15:46 of 1st period - Claude Giroux wins face-off versus Jack Eichel in neutral zone.
16:09 of 1st period - Mikhail Sergachev is hit by Moritz Seider and loses puck.
16:16 of 1st period - Slapshot by Jake Sanderson.
16:16 of 1st period - Stopped by Darcy Kuemper without a rebound.
16:17 of 1st period - Vincent Trocheck wins face-off versus Anze Kopitar in Tampa Bay Lightning zone.
16:20 of 1st period - Wrist shot by Mark Stone.
16:20 of 1st period - Stopped by Darcy Kuemper with a rebound.
16:28 of 1st period - Snap shot by Elias Pettersson.
16:28 of 1st period - Shot Misses the Net.
16:34 of 1st period - Vincent Trocheck is hit by Jonathan Huberdeau and loses puck.
16:45 of 1st period - Wrist shot by Kirill Kaprizov.
16:45 of 1st period - Stopped by Connor Hellebuyck without a rebound.
16:46 of 1st period - Jack Eichel wins face-off versus Claude Giroux in St.Louis Blues zone.
16:51 of 1st period - Snap shot by Claude Giroux.
16:51 of 1st period - Shot Misses the Net.
16:53 of 1st period - Slapshot by Darnell Nurse.
16:53 of 1st period - Shot Misses the Net.
16:55 of 1st period - Snap shot by Kirill Kaprizov.
16:55 of 1st period - Stopped by Connor Hellebuyck with a rebound.
17:01 of 1st period - Wrist shot by Claude Giroux.
17:01 of 1st period - Shot Misses the Net.
17:19 of 1st period - Wrist shot by Brayden Point.
17:19 of 1st period - Stopped by Darcy Kuemper with a rebound.
17:21 of 1st period - Wrist shot by Robert Thomas.
17:21 of 1st period - Stopped by Darcy Kuemper without a rebound.
17:22 of 1st period - Vincent Trocheck wins face-off versus Roope Hintz in Tampa Bay Lightning zone.
17:26 of 1st period - Minor Penalty to Michael Matheson for Holding.
17:27 of 1st period - Anze Kopitar wins face-off versus Robert Thomas in Tampa Bay Lightning zone.
19:26 of 1st period - Penalty to Michael Matheson is over, Michael Matheson is back on ice.
19:42 of 1st period - Wrist shot by Isac Lundestrom.
19:42 of 1st period - Shot Blocked by Dmitry Orlov.
19:44 of 1st period - Backhand shot by Jaccob Slavin.
19:44 of 1st period - Shot Blocked by Roope Hintz.
19:46 of 1st period - Snap shot by Luke Glendening.
19:46 of 1st period - Stopped by Darcy Kuemper with a rebound.
19:58 of 1st period - Wrist shot by Filip Forsberg.
19:58 of 1st period - Shot Misses the Net.
Goals for this period are 0 for St.Louis Blues vs 0 for Tampa Bay Lightning.
Shots for this period are 8 for St.Louis Blues vs 10 for Tampa Bay Lightning.
2nd period
0:01 of 2nd period - Anze Kopitar wins face-off versus Jack Eichel in neutral zone.
0:10 of 2nd period - Wrist shot by Anze Kopitar.
0:10 of 2nd period - Shot Misses the Net.
0:12 of 2nd period - Slapshot by Filip Forsberg.
0:12 of 2nd period - Deflect By Jonathan Huberdeau.
0:12 of 2nd period - Stopped by Connor Hellebuyck without a rebound.
0:13 of 2nd period - Alex Tuch wins face-off versus Anze Kopitar in St.Louis Blues zone.
0:47 of 2nd period - Snap shot by Travis Konecny.
0:47 of 2nd period - Shot Blocked by Jaccob Slavin.
0:49 of 2nd period - Slapshot by Ben Chiarot.
0:49 of 2nd period - Shot Blocked by Colton Parayko.
1:17 of 2nd period - Slapshot by Elias Pettersson.
1:17 of 2nd period - Stopped by Darcy Kuemper with a rebound.
1:29 of 2nd period - Snap shot by Brandon Hagel.
1:29 of 2nd period - Deflect By Alex Tuch.
1:29 of 2nd period - Stopped by Darcy Kuemper without a rebound.
1:30 of 2nd period - Jason Dickinson wins face-off versus Jack Eichel in Tampa Bay Lightning zone.
2:26 of 2nd period - Slapshot by Vincent Trocheck.
2:26 of 2nd period - Shot Blocked by Dmitry Orlov.
2:28 of 2nd period - Wrist shot by Vincent Trocheck.
2:28 of 2nd period - Stopped by Darcy Kuemper with a rebound.
2:30 of 2nd period - Slapshot by Colton Parayko.
2:30 of 2nd period - Deflect By Vincent Trocheck.
2:30 of 2nd period - Stopped by Darcy Kuemper without a rebound.
2:31 of 2nd period - Jack Eichel wins face-off versus Claude Giroux in Tampa Bay Lightning zone.
3:03 of 2nd period - Snap shot by Brayden Point.
3:03 of 2nd period - Deflect By Anze Kopitar.
3:03 of 2nd period - Stopped by Darcy Kuemper without a rebound.
3:04 of 2nd period - Robert Thomas wins face-off versus Anze Kopitar in Tampa Bay Lightning zone.
3:09 of 2nd period - Snap shot by Brayden Point.
3:09 of 2nd period - Stopped by Darcy Kuemper without a rebound.
3:10 of 2nd period - Robert Thomas wins face-off versus Anze Kopitar in Tampa Bay Lightning zone.
4:07 of 2nd period - Slapshot by Roope Hintz.
4:07 of 2nd period - Shot Misses the Net.
4:09 of 2nd period - Slapshot by Travis Konecny.
4:09 of 2nd period - Goal by Travis Konecny - St.Louis Blues : 0 - Tampa Bay Lightning : 1.
4:10 of 2nd period - Roope Hintz wins face-off versus Jack Eichel in neutral zone.
4:37 of 2nd period - Jamie Benn is hit by Robert Thomas and loses puck.
4:48 of 2nd period - Wrist shot by Kirill Kaprizov.
4:48 of 2nd period - Stopped by Connor Hellebuyck without a rebound.
4:49 of 2nd period - Vincent Trocheck wins face-off versus Anze Kopitar in St.Louis Blues zone.
5:40 of 2nd period - Slapshot by Robert Thomas.
5:40 of 2nd period - Shot Misses the Net.
5:46 of 2nd period - Snap shot by Kirill Kaprizov.
5:46 of 2nd period - Shot Blocked by Jaccob Slavin.
5:58 of 2nd period - Slapshot by Logan O'Connor.
5:58 of 2nd period - Shot Misses the Net.
6:00 of 2nd period - Slapshot by Jaccob Slavin.
6:00 of 2nd period - Deflect By Isac Lundestrom.
6:00 of 2nd period - Stopped by Darcy Kuemper with a rebound.
6:02 of 2nd period - Slapshot by Colton Parayko.
6:02 of 2nd period - Stopped by Darcy Kuemper with a rebound.
6:04 of 2nd period - Wrist shot by Isac Lundestrom.
6:04 of 2nd period - Stopped by Darcy Kuemper without a rebound.
6:05 of 2nd period - Jack Eichel wins face-off versus Roope Hintz in Tampa Bay Lightning zone.
6:13 of 2nd period - Minor Penalty to Ben Chiarot for Tripping.
6:14 of 2nd period - Anze Kopitar wins face-off versus Robert Thomas in Tampa Bay Lightning zone.
6:22 of 2nd period - Slapshot by Jack Eichel.
6:22 of 2nd period - Deflect By Jake Guentzel.
6:22 of 2nd period - Goal by Jake Guentzel - St.Louis Blues : 1 - Tampa Bay Lightning : 1.
6:23 of 2nd period - Roope Hintz wins face-off versus Robert Thomas in neutral zone.
7:26 of 2nd period - Jason Dickinson is hit by Alex Tuch and loses puck.
7:37 of 2nd period - Wrist shot by Jason Dickinson.
7:37 of 2nd period - Shot Blocked by Jaccob Slavin.
8:13 of 2nd period - Snap shot by Claude Giroux.
8:13 of 2nd period - Stopped by Connor Hellebuyck with a rebound.
8:15 of 2nd period - Snap shot by Ben Chiarot.
8:15 of 2nd period - Stopped by Connor Hellebuyck without a rebound.
8:16 of 2nd period - Vincent Trocheck wins face-off versus Anze Kopitar in St.Louis Blues zone.
8:25 of 2nd period - Elias Pettersson is hit by Jonathan Huberdeau and loses puck.
9:06 of 2nd period - Snap shot by Travis Konecny.
9:06 of 2nd period - Stopped by Connor Hellebuyck with a rebound.
9:08 of 2nd period - Slapshot by Dmitry Orlov.
9:08 of 2nd period - Stopped by Connor Hellebuyck without a rebound.
9:09 of 2nd period - Robert Thomas wins face-off versus Roope Hintz in St.Louis Blues zone.
9:09 of 2nd period - Robert Thomas is hit by Dylan Cozens.
9:18 of 2nd period - Jake Sanderson is hit by Michael Matheson and loses puck.
9:29 of 2nd period - Slapshot by Travis Konecny.
9:29 of 2nd period - Shot Blocked by Brandon Hagel.
9:35 of 2nd period - Jake Sanderson is hit by Michael Matheson and loses puck.
10:09 of 2nd period - Snap shot by Logan O'Connor.
10:09 of 2nd period - Stopped by Darcy Kuemper without a rebound.
10:10 of 2nd period - Vincent Trocheck wins face-off versus Anze Kopitar in Tampa Bay Lightning zone.
10:11 of 2nd period - Snap shot by Elias Pettersson.
10:11 of 2nd period - Stopped by Darcy Kuemper with a rebound.
10:17 of 2nd period - Wrist shot by Vincent Trocheck.
10:17 of 2nd period - Shot Blocked by Filip Forsberg.
10:19 of 2nd period - Slapshot by Mikhail Sergachev.
10:19 of 2nd period - Deflect By Vincent Trocheck.
10:19 of 2nd period - Goal by Vincent Trocheck - St.Louis Blues : 2 - Tampa Bay Lightning : 1.
10:20 of 2nd period - Anze Kopitar wins face-off versus Robert Thomas in neutral zone.
10:59 of 2nd period - Wrist shot by Brandon Hagel.
10:59 of 2nd period - Deflect By Alex Tuch.
10:59 of 2nd period - Stopped by Darcy Kuemper with a rebound.
11:01 of 2nd period - Snap shot by Jack Eichel.
11:01 of 2nd period - Stopped by Darcy Kuemper with a rebound.
11:03 of 2nd period - Wrist shot by Brandon Hagel.
11:03 of 2nd period - Shot Blocked by Moritz Seider.
11:19 of 2nd period - Wrist shot by Travis Konecny.
11:19 of 2nd period - Stopped by Connor Hellebuyck with a rebound.
11:21 of 2nd period - Snap shot by Roope Hintz.
11:21 of 2nd period - Stopped by Connor Hellebuyck with a rebound.
11:57 of 2nd period - Jake Guentzel is hit by Jonathan Huberdeau and loses puck.
12:08 of 2nd period - Jake Sanderson is hit by Filip Forsberg and loses puck.
12:15 of 2nd period - Jonathan Huberdeau is hit by Mikhail Sergachev and loses puck.
13:17 of 2nd period - Backhand shot by Anze Kopitar.
13:17 of 2nd period - Stopped by Connor Hellebuyck with a rebound.
13:23 of 2nd period - Jake Guentzel is hit by Dmitry Orlov.
13:45 of 2nd period - Hampus Lindholm is hit by Connor Clifton and loses puck.
14:11 of 2nd period - Wrist shot by Anze Kopitar.
14:11 of 2nd period - Stopped by Connor Hellebuyck with a rebound.
14:21 of 2nd period - Snap shot by Jonathan Huberdeau.
14:21 of 2nd period - Stopped by Connor Hellebuyck with a rebound.
14:26 of 2nd period - Off-side.
14:27 of 2nd period - Jack Eichel wins face-off versus Claude Giroux in neutral zone.
15:01 of 2nd period - Wrist shot by Travis Konecny.
15:01 of 2nd period - Shot Misses the Net.
15:03 of 2nd period - Snap shot by Dylan Cozens.
15:03 of 2nd period - Deflect By Roope Hintz.
15:03 of 2nd period - Shot Misses the Net.
15:03 of 2nd period - Puck is out of play.
15:04 of 2nd period - Roope Hintz wins face-off versus Jack Eichel in St.Louis Blues zone.
15:31 of 2nd period - Colton Parayko is hit by Claude Giroux and loses puck.
17:44 of 2nd period - Alex Tuch is hit by Dylan Cozens and loses puck.
Goals for this period are 2 for St.Louis Blues vs 1 for Tampa Bay Lightning.
Shots for this period are 15 for St.Louis Blues vs 12 for Tampa Bay Lightning.
3rd period
0:01 of 3rd period - Alex Tuch wins face-off versus Claude Giroux in neutral zone.
0:03 of 3rd period - Off-side.
0:04 of 3rd period - Claude Giroux wins face-off versus Jack Eichel in neutral zone.
0:47 of 3rd period - Snap shot by Claude Giroux.
0:47 of 3rd period - Stopped by Connor Hellebuyck with a rebound.
0:59 of 3rd period - Slapshot by Michael Matheson.
0:59 of 3rd period - Stopped by Connor Hellebuyck with a rebound.
1:05 of 3rd period - Wrist shot by Jake Sanderson.
1:05 of 3rd period - Stopped by Darcy Kuemper with a rebound.
1:07 of 3rd period - Snap shot by Jack Eichel.
1:07 of 3rd period - Stopped by Darcy Kuemper with a rebound.
1:09 of 3rd period - Snap shot by Brandon Hagel.
1:09 of 3rd period - Shot Misses the Net.
1:23 of 3rd period - Snap shot by Claude Giroux.
1:23 of 3rd period - Shot Misses the Net.
1:49 of 3rd period - Slapshot by Brandon Hagel.
1:49 of 3rd period - Shot Misses the Net.
1:51 of 3rd period - Wrist shot by Jack Eichel.
1:51 of 3rd period - Deflect By Brandon Hagel.
1:51 of 3rd period - Stopped by Darcy Kuemper with a rebound.
1:53 of 3rd period - Wrist shot by Jack Eichel.
1:53 of 3rd period - Stopped by Darcy Kuemper without a rebound.
1:54 of 3rd period - Roope Hintz wins face-off versus Robert Thomas in Tampa Bay Lightning zone.
2:35 of 3rd period - Mark Stone is hit by Filip Forsberg and loses puck.
2:54 of 3rd period - Snap shot by Trevor Moore.
2:54 of 3rd period - Shot Misses the Net.
3:34 of 3rd period - Icing by Jonathan Huberdeau.
3:35 of 3rd period - Anze Kopitar wins face-off versus Robert Thomas in Tampa Bay Lightning zone.
4:58 of 3rd period - Gustav Nyquist is hit by Jake Guentzel and loses puck.
5:13 of 3rd period - Claude Giroux is hit by Isac Lundestrom and loses puck.
6:19 of 3rd period - Wrist shot by Elias Pettersson.
6:19 of 3rd period - Shot Misses the Net.
6:53 of 3rd period - Luke Glendening is hit by Michael Matheson and loses puck.
7:18 of 3rd period - Snap shot by Robert Thomas.
7:18 of 3rd period - Shot Misses the Net.
7:20 of 3rd period - Wrist shot by Jake Guentzel.
7:20 of 3rd period - Shot Misses the Net.
7:22 of 3rd period - Slapshot by Adam Pelech.
7:22 of 3rd period - Shot Blocked by Moritz Seider.
7:46 of 3rd period - Snap shot by Jack Eichel.
7:46 of 3rd period - Shot Misses the Net.
8:14 of 3rd period - Minor Penalty to Michael Matheson for Hooking.
8:15 of 3rd period - Anze Kopitar wins face-off versus Robert Thomas in Tampa Bay Lightning zone.
8:25 of 3rd period - Off-side.
8:26 of 3rd period - Robert Thomas wins face-off versus Claude Giroux in neutral zone.
8:33 of 3rd period - Snap shot by Jack Eichel.
8:33 of 3rd period - Stopped by Darcy Kuemper without a rebound.
8:34 of 3rd period - Robert Thomas wins face-off versus Anze Kopitar in Tampa Bay Lightning zone.
8:37 of 3rd period - Wrist shot by Brayden Point.
8:37 of 3rd period - Shot Misses the Net.
8:39 of 3rd period - Slapshot by Jake Sanderson.
8:39 of 3rd period - Shot Hit the Post.
8:41 of 3rd period - Snap shot by Brayden Point.
8:41 of 3rd period - Deflect By Robert Thomas.
8:41 of 3rd period - Shot Hit the Post.
8:41 of 3rd period - Puck is out of play.
8:42 of 3rd period - Anze Kopitar wins face-off versus Robert Thomas in Tampa Bay Lightning zone.
8:47 of 3rd period - Robert Thomas is hit by Ben Chiarot and loses puck.
9:08 of 3rd period - Trevor Moore is hit by Vincent Trocheck and loses puck.
10:14 of 3rd period - Penalty to Michael Matheson is over, Michael Matheson is back on ice.
10:16 of 3rd period - Snap shot by Michael Matheson.
10:16 of 3rd period - Shot Blocked by Logan O'Connor.
11:02 of 3rd period - Snap shot by Roope Hintz.
11:02 of 3rd period - Stopped by Connor Hellebuyck without a rebound.
11:03 of 3rd period - Claude Giroux wins face-off versus Robert Thomas in St.Louis Blues zone.
11:04 of 3rd period - Snap shot by Kirill Kaprizov.
11:04 of 3rd period - Stopped by Connor Hellebuyck without a rebound.
11:05 of 3rd period - Claude Giroux wins face-off versus Robert Thomas in St.Louis Blues zone.
11:18 of 3rd period - Snap shot by Brayden Point.
11:18 of 3rd period - Stopped by Darcy Kuemper without a rebound.
11:19 of 3rd period - Roope Hintz wins face-off versus Robert Thomas in Tampa Bay Lightning zone.
11:58 of 3rd period - Anze Kopitar is hit by Jake Guentzel and loses puck.
12:03 of 3rd period - Slapshot by Brayden Point.
12:03 of 3rd period - Shot Blocked by Jonathan Huberdeau.
12:05 of 3rd period - Snap shot by Mikhail Sergachev.
12:05 of 3rd period - Shot Blocked by Hampus Lindholm.
12:07 of 3rd period - Snap shot by Jake Guentzel.
12:07 of 3rd period - Stopped by Darcy Kuemper without a rebound.
12:08 of 3rd period - Jamie Benn wins face-off versus Alex Tuch in Tampa Bay Lightning zone.
12:26 of 3rd period - Icing by Jack Eichel.
12:27 of 3rd period - Anze Kopitar wins face-off versus Jack Eichel in St.Louis Blues zone.
12:28 of 3rd period - Snap shot by Filip Forsberg.
12:28 of 3rd period - Stopped by Connor Hellebuyck without a rebound.
12:29 of 3rd period - Anze Kopitar wins face-off versus Jack Eichel in St.Louis Blues zone.
13:24 of 3rd period - Backhand shot by Logan O'Connor.
13:24 of 3rd period - Shot Misses the Net.
13:46 of 3rd period - Snap shot by Elias Pettersson.
13:46 of 3rd period - Shot Misses the Net.
13:48 of 3rd period - Snap shot by Jaccob Slavin.
13:48 of 3rd period - Stopped by Darcy Kuemper without a rebound.
13:49 of 3rd period - Jack Eichel wins face-off versus Anze Kopitar in Tampa Bay Lightning zone.
13:52 of 3rd period - Wrist shot by Alex Tuch.
13:52 of 3rd period - Stopped by Darcy Kuemper without a rebound.
13:53 of 3rd period - Jonathan Huberdeau wins face-off versus Brandon Hagel in Tampa Bay Lightning zone.
15:02 of 3rd period - Snap shot by Alex Tuch.
15:02 of 3rd period - Deflect By Jack Eichel.
15:02 of 3rd period - Stopped by Darcy Kuemper without a rebound.
15:03 of 3rd period - Claude Giroux wins face-off versus Vincent Trocheck in Tampa Bay Lightning zone.
15:05 of 3rd period - Minor Penalty to Claude Giroux for Goalie Interference.
15:06 of 3rd period - Travis Konecny wins face-off versus Robert Thomas in Tampa Bay Lightning zone.
16:35 of 3rd period - Icing by Vincent Trocheck.
16:36 of 3rd period - Anze Kopitar wins face-off versus Vincent Trocheck in St.Louis Blues zone.
17:05 of 3rd period - Penalty to Claude Giroux is over, Claude Giroux is back on ice.
17:20 of 3rd period - Slapshot by Michael Matheson.
17:20 of 3rd period - Shot Blocked by Mikhail Sergachev.
17:34 of 3rd period - Snap shot by Michael Matheson.
17:34 of 3rd period - Deflect By Kirill Kaprizov.
17:34 of 3rd period - Deflect By Elias Pettersson.
17:34 of 3rd period - Stopped by Connor Hellebuyck without a rebound.
17:35 of 3rd period - Claude Giroux wins face-off versus Elias Pettersson in St.Louis Blues zone.
18:26 of 3rd period - Wrist shot by Kirill Kaprizov.
18:26 of 3rd period - Deflect By Jamie Benn.
18:26 of 3rd period - Stopped by Connor Hellebuyck without a rebound.
18:27 of 3rd period - Claude Giroux wins face-off versus Vincent Trocheck in St.Louis Blues zone.
18:30 of 3rd period - Tampa Bay Lightning, Darcy Kuemper is pulled from the net.
18:30 of 3rd period - Snap shot by Claude Giroux.
18:30 of 3rd period - Stopped by Connor Hellebuyck without a rebound.
18:31 of 3rd period - Vincent Trocheck wins face-off versus Claude Giroux in St.Louis Blues zone.
18:38 of 3rd period - Kirill Kaprizov is hit by Jake Sanderson and loses puck.
18:45 of 3rd period - Slapshot by Dmitry Orlov.
18:45 of 3rd period - Stopped by Connor Hellebuyck with a rebound.
18:47 of 3rd period - Wrist shot by Hampus Lindholm.
18:47 of 3rd period - Shot Misses the Net.
18:49 of 3rd period - Slapshot by Dmitry Orlov.
18:49 of 3rd period - Deflect By Claude Giroux.
18:49 of 3rd period - Shot Misses the Net.
18:49 of 3rd period - Puck is out of play.
18:50 of 3rd period - Jared Bednar call a timeout for Tampa Bay Lightning.
18:50 of 3rd period - Claude Giroux wins face-off versus Vincent Trocheck in St.Louis Blues zone.
19:13 of 3rd period - Backhand shot by Vincent Trocheck.
19:13 of 3rd period - Goal by Vincent Trocheck - St.Louis Blues : 3 - Tampa Bay Lightning : 1.
19:13 of 3rd period - Darcy Kuemper from Tampa Bay Lightning was sent back in the game.
19:14 of 3rd period - Claude Giroux wins face-off versus Vincent Trocheck in neutral zone.
19:21 of 3rd period - Claude Giroux is hit by Elias Pettersson and loses puck.
19:44 of 3rd period - Slapshot by Robert Thomas.
19:44 of 3rd period - Stopped by Darcy Kuemper without a rebound.
19:45 of 3rd period - Robert Thomas wins face-off versus Jason Dickinson in Tampa Bay Lightning zone.
19:54 of 3rd period - Snap shot by Robert Thomas.
19:54 of 3rd period - Stopped by Darcy Kuemper without a rebound.
19:55 of 3rd period - Claude Giroux wins face-off versus Elias Pettersson in Tampa Bay Lightning zone.
Goals for this period are 1 for St.Louis Blues vs 0 for Tampa Bay Lightning.
Shots for this period are 13 for St.Louis Blues vs 9 for Tampa Bay Lightning.
Back to the Top